 Dungeon Sprint DCSS version 0.29.1-12-g30fa7ad0bf (webtiles) character file.

Game seed: 8733312494565259798

40012 Groucho the Earth Mage (level 13, -4/63 HPs)
             Began as a Spriggan Earth Elementalist on Dec 29, 2022.
             Was the Champion of Vehumet.
             Slain by a deep elf blademaster
             ... wielding a +0 rapier
              (12 damage)
             ... in the Dungeon (Sprint III: "The Ten Rune Challenge").
             The game lasted 01:13:55 (20394 turns).

Groucho the Earth Mage (SpEE)                      Turns: 20394, Time: 01:13:55

Health: -4/63      AC:  3    Str:  4    XL:     13   Next: 72%
Magic:  2/35       EV: 34    Int: 20    God:    Vehumet [******]
Gold:   1263       SH:  0    Dex: 20    Spells: 3/47 levels left

rFire   + . .      SeeInvis +   v - staff of conjuration
rCold   + . .      Faith    +   (shield currently unavailable)
rNeg    . . .      Spirit   .   a - +0 robe
rPois   .          Reflect  .   b - +0 hat
rElec   .          Harm     .   n - +0 cloak
rCorr   +          Rampage  .   (gloves unavailable)
Will    ++...      NoTele   +   (boots unavailable)
Stlth   +++.......              q - amulet "Guem" {Faith Dex+3}
HPRegen 0.20/turn               c - ring of protection from cold
MPRegen 0.24/turn               p - ring "Ubuocapn" {rF+ rCorr}

@: very quick
A: very small, no large weapons, unfitting armour, see invisible, speed 3
a: Renounce Religion


You were in the Dungeon.
You worshipped Vehumet.
Vehumet was exalted by your worship.
You visited 1 branch You collected 2498 gold pieces.
You spent 1235 gold pieces at shops.

Inventory:

Hand Weapons
 m - a +3 quarterstaff of chaos
Armour
 a - a +0 robe (worn)
 b - a +0 hat (worn)
 n - a +0 cloak (worn)
Magical Staves
 u - a staff of fire
 v - a staff of conjuration (weapon)
Jewellery
 c - a ring of protection from cold (left hand)
 h - the ring of Viojod {rPois rC- rCorr Dex+2}
   (You found it in the Dungeon)

   [ring of poison resistance]

   Dex:       It affects your dexterity (+2).
   rC:        It makes you vulnerable to cold.
   rPois:     It protects you from poison.
   rCorr:     It protects you from acid and corrosion.
 p - the ring "Ubuocapn" (right hand) {rF+ rCorr}
   (You bought it in a shop in the Dungeon)

   [ring of resist corrosion]

   rF:        It protects you from fire.
   rCorr:     It protects you from acid and corrosion.
 q - the amulet "Guem" (around neck) {Faith Dex+3}
   (You bought it in a shop in the Dungeon)

   [amulet of faith]

   It allows you to gain divine favour quickly.
   Dex:       It affects your dexterity (+3).
 t - an amulet of magic regeneration
Wands
 g - a wand of mindburst (18)
 s - a wand of flame (10)
Scrolls
 d - a scroll of fear
 i - a scroll of poison
 l - a scroll of torment
Potions
 e - a potion of haste
 f - 2 potions of berserk rage
 j - 4 potions of flight
 k - 5 potions of mutation
 o - a potion of might
 r - 4 potions of curing


   Skills:
 * Level 5.3 Fighting
 - Level 1.5 Staves
 - Level 18.8 Dodging
 - Level 3.0 Stealth
 + Level 17.6 Spellcasting
 * Level 15.7 Conjurations
 * Level 5.0 Translocations
 - Level 7.0 Transmutations
 + Level 10.0 Fire Magic
 * Level 19.0 Earth Magic


You had 3 spell levels left.
You knew the following spells:

 Your Spells              Type           Power      Damage    Failure   Level
a - Sandblast             Erth           100%       2d20      0%          1
b - Passwall              Tmut/Erth      52%        N/A       1%          2
c - Stone Arrow           Conj/Erth      100%       3d13      0%          3
d - Petrify               Tmut/Erth      63%        N/A       1%          4
e - Conjure Flame         Conj/Fire      81%        6-21      1%          3
f - Iskenderun's Battles  Conj           88%        2d14      1%          5
g - Starburst             Conj/Fire      40%        6d12      1%          6
h - Lehudib's Crystal Sp  Conj/Erth      46%        10d11     4%          8
i - Apportation           Tloc           74%        N/A       1%          1
j - Shatter               Erth           38%        3d30*     32%         9
k - Poisonous Vapours     Pois/Air       34%        N/A       1%          2

Your spell library contained the following spells:

 Spells                   Type           Power      Damage    Failure   Level
 Ignition                 Fire           27%        3d9       58%         8
 Gell's Gravitas          Tloc           37%        N/A       1%          3
 Lesser Beckoning         Tloc           37%        N/A       1%          3
 Teleport Other           Tloc           37%        N/A       1%          3
 Necrotise                Necr           68%        1d7       3%          1
 Summon Small Mammal      Summ           68%        N/A       3%          1
 Corpse Rot               Necr/Pois/Air  17%        N/A       32%         4


Dungeon Overview and Level Annotations

Branches:
Dungeon (1/1)

Altars:
Cheibriados
Dithmenos
Elyvilon
Fedhas
Gozag
Hepliaklqana
Kikubaaqudgha
Makhleb
Nemelex Xobeh
Okawaru
Qazlal
Ru
Sif Muna
Trog
Uskayaw
Vehumet
Wu Jian
Xom
Yredelemnul
Zin
The Shining One
Jiyva
Lugonu

Shops:
D =

Annotations:
D exclusion: orange crystal statue, Chuck


Innate Abilities, Weirdness & Mutations

You are very small and have problems with some larger weapons.
You are too small for most types of armour.
You have supernaturally acute eyesight. (SInv)
You cover ground extremely quickly. (Speed+++)


Message History

Confirm with . or Enter, or press ? or * to list all spells.
The spell is quite dangerous to miscast (4% risk of failure)!
Continue anyway?
Aiming: Lehudib's Crystal Spear (quite dangerous; 4% risk of failure)
Press: ? - help, Shift-Dir - straight line, f/p - deep elf blademaster
Aim: a deep elf blademaster, wielding two +0 rapiers and wearing a +0 leather armour (48% to hit)
You feel a surge of power!
The crystal spear hits the deep elf blademaster!!!!
The deep elf blademaster is severely wounded.
Unknown command.
There is an open door to the Hall of Blades, spattered with blood here.
Unknown command.
You see here a +2 arbalest of chaos.
The deep elf blademaster hits you with a +0 rapier!! x2
* * * LOW HITPOINT WARNING * * *
The deep elf blademaster hits you with a +0 rapier.
* * * LOW HITPOINT WARNING * * *
The deep elf blademaster hits you with a +0 rapier!
* * * LOW HITPOINT WARNING * * *
There is an open door to the Hall of Blades, spattered with blood here.
Items here: )))).
You see here a +0 flail.
You see here a +0 dagger.
There is an open door to the Vaults here.
There is an open door here.
Casting: Lehudib's Crystal Spear (quite dangerous; 4% risk of failure)
Confirm with . or Enter, or press ? or * to list all spells.
The spell is quite dangerous to miscast (4% risk of failure)!
Continue anyway?
Aiming: Lehudib's Crystal Spear (quite dangerous; 4% risk of failure)
Press: ? - help, Shift-Dir - straight line, f/p - deep elf blademaster
Aim: a deep elf blademaster, wielding two +0 rapiers and wearing a +0 leather armour (heavily wounded, 48% to hit)
You feel a surge of power!
The crystal spear hits the deep elf blademaster!!!
The deep elf blademaster is almost dead.
Unknown command.
Unknown command.
Unknown command.
Things that are here:
a +0 rapier; a +0 leather armour; a +0 rapier The deep elf blademaster hits you with a +0 rapier!
You die...

.#~~.....☼.○#.....# #§§§§ ####
.#≈..'#######.....# )≈≈§ #)..
##...#..(.(.#.....#+###≈§ #...
...[.#♣♣♣._.#.....#...#c≈ ##'#
#############'#####.☼.### ###.).
.........PP▓#.....+...'.# ##.#)##
≈\.......≈≈▓#.#############..'.#)
w≈*.....≈≈≈▓#.#...........'..####
≈≈≈≈..≈≈≈≈≈▓#.#.@.....########...
≈≈≈~X≈~≈≈≈≈▓#.#.e...### #..#
≈≈~≈≈≈≈~≈≈≈▓#.#.).###8# #.#.
≈~≈≈≈≈≈≈~≈≈▓#.#.###...# #...
~≈≈≈≈≈≈≈≈~≈▓#.#'#§..§.# #...
≈≈≈≈≈≈≈≈≈≈ #.#..§....# #.#.
#)#..§....# #..# #.........# #).)
#########.# ####


You could see a deep elf blademaster.

Vanquished Creatures
  Rupert (D)
  A deep elf blademaster (D)
  Frances (D)
  Gastronok (D)
  Donald (D)
  2 dire elephants (D)
  A fire dragon (D)
  An iron golem (D)
  2 yaktaur captains (D)
  2 hydras (D)
  Erolcha (D)
  A centaur warrior (D)
  4 dancing weapons (D)
  2 orc high priests (D)
  4 death yaks (D)
  Urug (D)
  3 hell knights (D)
  3 deep elf knights (D)
  2 skeletal warriors (D)
  A death drake (D)
  A spriggan druid (D)
  A lindwurm (D)
  2 deep elf zephyrmancers (D)
  A deep elf pyromancer (D)
  2 crystal guardians (D)
  3 ugly things (D)
  An orc sorcerer (D)
  2 elephants (D)
  3 black mambas (D)
  A torpor snail (shapeshifter) (D)
  2 cane toads (D)
  A rime drake (D)
  A komodo dragon (D)
  A yaktaur (D)
  A wind drake (shapeshifter) (D)
  3 wandering mushrooms (D)
  3 spriggan defenders (D)
  2 tyrant leeches (D)
  2 snapping turtles (D)
  8 blink frogs (D)
  3 hornets (D)
  A slime creature (D)
  A shadow (D)
  2 spriggans (D)
  5 redbacks (D)
  A spatial vortex (D)
  A hydra simulacrum (D)
  A water moccasin (D)
  An orc warrior (D)
  A swamp drake (D)
  A black mamba simulacrum (D)
  5 two-headed ogres (D)
  A necrophage (D)
  A water elemental (D)
  32 killer bees (D)
  An electric eel (D)
  Crazy Yiuf (D)
  A jelly (D)
  5 orc priests (D)
  A wizard (D)
  2 necromancers (D)
  2 orc wizards (D)
  2 wolf simulacra (D)
  3 humans (D)
  A kobold demonologist (D)
  2 adders (D)
  A worm (shapeshifter) (D)
  10 orcs (D)
  4 rats (D)
  2 ball lightnings (D)
  A bush (D)
  A tentacle (D)
173 creatures vanquished.

Vanquished Creatures (others)
  A yaktaur (D)
  A ball lightning (D)
  3 ballistomycete spores (D)
  A bush (D)
  2 fungi (D)
  49 plants (D)
  12 tentacles (D)
69 creatures vanquished.

Grand Total: 242 creatures vanquished

Notes
Turn   | Place    | Note
-------+----------+-------------------------------------------
     0 | D        | Groucho the Spriggan Earth Elementalist began the quest for
                  | the Orb.
     0 | D        | Reached XP level 1. HP: 9/9 MP: 5/5
     5 | D        | Reached skill level 3 in Earth Magic
   722 | D        | Reached skill level 4 in Earth Magic
   722 | D        | Reached XP level 2. HP: 10/13 MP: 3/7
   965 | D        | Learned a level 2 spell: Passwall
   999 | D        | Noticed Crazy Yiuf
  1029 | D        | Killed Crazy Yiuf
  1030 | D        | Reached XP level 3. HP: 16/16 MP: 3/10
  1317 | D        | Learned a level 3 spell: Stone Arrow
  1317 | D        | Noticed a water elemental
  1346 | D        | Killed a water elemental
  1347 | D        | Reached skill level 5 in Dodging
  1347 | D        | Reached skill level 5 in Spellcasting
  1347 | D        | Reached skill level 5 in Transmutations
  1347 | D        | Reached skill level 5 in Earth Magic
  1347 | D        | Reached XP level 4. HP: 21/21 MP: 7/12
  1530 | D        | Found a radiant altar of Vehumet.
  1530 | D        | Noticed a wizard
  1531 | D        | Killed a wizard
  1532 | D        | Reached skill level 6 in Earth Magic
  1534 | D        | Reached XP level 5. HP: 24/24 MP: 10/14
  1534 | D        | Found a shimmering blue altar of Sif Muna.
  1534 | D        | Found an ancient bone altar of Kikubaaqudgha.
  1539 | D        | Became a worshipper of Vehumet
  1556 | D        | Found a shadowy altar of Dithmenos.
  1558 | D        | Found a basalt altar of Yredelemnul.
  1558 | D        | Found a sacrificial altar of Ru.
  1569 | D        | Reached skill level 7 in Earth Magic
  1586 | D        | Found a hide-covered altar of Uskayaw.
  1586 | D        | Found an iron altar of Okawaru.
  1588 | D        | Found a bloodstained altar of Trog.
  1589 | D        | Found an ornate altar of the Wu Jian Council.
  1589 | D        | Noticed a human
  1590 | D        | Noticed a human
  1593 | D        | Killed a human
  1593 | D        | Reached * piety under Vehumet
  1593 | D        | Offered knowledge of Magic Dart by Vehumet.
  1594 | D        | Reached skill level 5 in Conjurations
  1594 | D        | Reached skill level 8 in Earth Magic
  1594 | D        | Reached XP level 6. HP: 28/28 MP: 7/17
  1598 | D        | Killed a human
  1823 | D        | Found a glowing silver altar of Zin.
  1825 | D        | Found a glowing golden altar of the Shining One.
  1826 | D        | Found a white marble altar of Elyvilon.
  1827 | D        | Noticed a deep elf pyromancer
  1829 | D        | Killed a deep elf pyromancer
  1830 | D        | Reached skill level 9 in Earth Magic
  1830 | D        | Reached XP level 7. HP: 32/32 MP: 18/20
  1989 | D        | Noticed a shadow
  1996 | D        | Killed a shadow
  1996 | D        | Offered knowledge of Freeze by Vehumet.
  1996 | D        | Reached ** piety under Vehumet
  1997 | D        | Reached skill level 10 in Dodging
  1997 | D        | Reached skill level 10 in Earth Magic
  1997 | D        | Reached XP level 8. HP: 36/36 MP: 17/22
  2005 | D        | Learned a level 4 spell: Petrify
  2013 | D        | Found a blossoming altar of Fedhas.
  2013 | D        | Found a stormy altar of Qazlal.
  2013 | D        | Found a snail-covered altar of Cheibriados.
  2013 | D        | Found a burning altar of Makhleb.
  2013 | D        | Found a shimmering altar of Xom.
  2015 | D        | Found a hazy altar of Hepliaklqana.
  2015 | D        | Found an opulent altar of Gozag.
  2015 | D        | Found a sparkling altar of Nemelex Xobeh.
  2015 | D        | Found a corrupted altar of Lugonu.
  2015 | D        | Found a viscous altar of Jiyva.
  2173 | D        | Offered knowledge of Ignite Poison by Vehumet.
  2179 | D        | Reached *** piety under Vehumet
  2451 | D        | Noticed a two-headed ogre
  2476 | D        | Killed a two-headed ogre
  2476 | D        | Offered knowledge of Conjure Flame by Vehumet.
  2477 | D        | Reached skill level 10 in Spellcasting
  2489 | D        | Learned a level 3 spell: Conjure Flame
  2615 | D        | Noticed a two-headed ogre
  2615 | D        | Noticed Erolcha
  2625 | D        | Killed Erolcha
  2626 | D        | Reached skill level 11 in Earth Magic
  2626 | D        | Reached XP level 9. HP: 39/39 MP: 20/24
  2632 | D        | Killed a two-headed ogre
  2632 | D        | Reached **** piety under Vehumet
  2766 | D        | Offered knowledge of Yara's Violent Unravelling by Vehumet.
  2767 | D        | Reached skill level 12 in Earth Magic
  2916 | D        | Reached skill level 1 in Fire Magic
  2920 | D        | Noticed a wandering mushroom
  2925 | D        | Killed a wandering mushroom
  3044 | D        | Noticed a wandering mushroom
  3046 | D        | Noticed a wandering mushroom
  3050 | D        | Killed a wandering mushroom
  3053 | D        | Killed a wandering mushroom
  3053 | D        | Reached ***** piety under Vehumet
  3053 | D        | Offered knowledge of Lightning Bolt by Vehumet.
  3228 | D        | Found Reklass's Jewellery Shoppe.
  3230 | D        | Noticed an orc sorcerer
  3231 | D        | Noticed an orc high priest
  3382 | D        | Killed an orc sorcerer
  3383 | D        | Reached XP level 10. HP: 27/44 MP: 19/26
  3486 | D        | Killed an orc high priest
  3487 | D        | Reached skill level 10 in Conjurations
  3487 | D        | Reached skill level 13 in Earth Magic
  4044 | D        | Offered knowledge of Iskenderun's Battlesphere by Vehumet.
  4510 | D        | Noticed a cane toad
  4517 | D        | Killed a cane toad
  4776 | D        | Noticed a cane toad
  4867 | D        | Killed a cane toad
  4900 | D        | Learned a level 5 spell: Iskenderun's Battlesphere
  5094 | D        | Reached ****** piety under Vehumet
  5094 | D        | Offered knowledge of Freezing Cloud by Vehumet.
  5539 | D        | Noticed Rupert
  5787 | D        | Killed Rupert
  5788 | D        | Reached skill level 5 in Fire Magic
  5788 | D        | Reached skill level 14 in Earth Magic
  5788 | D        | Reached XP level 11. HP: 47/47 MP: 8/29
  5911 | D        | Noticed a death yak
  5911 | D        | Noticed a death yak
  5915 | D        | Noticed a death yak
  5916 | D        | Noticed a death yak
  5918 | D        | Killed a death yak
  5927 | D        | Killed a death yak
  6478 | D        | Killed a death yak
  6483 | D        | Killed a death yak
  6710 | D        | Offered knowledge of Starburst by Vehumet.
  6718 | D        | Learned a level 6 spell: Starburst
  6836 | D        | Noticed Frances
  6837 | D        | Noticed Donald
  6844 | D        | Noticed a sixfirhy
  7476 | D        | Noticed a deep elf zephyrmancer
  7476 | D        | Noticed a deep elf knight
  7476 | D        | Noticed a deep elf knight
  7476 | D        | Noticed a deep elf zephyrmancer
  7476 | D        | Noticed a deep elf knight
  7503 | D        | Killed a deep elf knight
  7504 | D        | Reached skill level 15 in Dodging
  7504 | D        | Reached skill level 15 in Earth Magic
  7510 | D        | Killed a deep elf knight
  7512 | D        | Killed a deep elf knight
  7517 | D        | Killed a deep elf zephyrmancer
  7534 | D        | Killed a deep elf zephyrmancer
  7780 | D        | Bought a ring of protection from cold for 275 gold pieces
  7780 | D        | Bought the ring "Ubuocapn" {rF+ rCorr} for 374 gold pieces
  7780 | D        | Bought the amulet "Guem" {Faith Dex+3} for 586 gold pieces
  7853 | D        | Killed Donald
  8154 | D        | Noticed a sun demon
  8155 | D        | Killed Frances
  8155 | D        | Offered knowledge of Ozocubu's Refrigeration by Vehumet.
  8908 | D        | Reached skill level 16 in Earth Magic
  8908 | D        | Reached XP level 12. HP: 51/51 MP: 26/31
  8908 | D        | Noticed a yaktaur captain
  8908 | D        | Noticed a yaktaur captain
  8911 | D        | Killed a yaktaur captain
  9092 | D        | Offered knowledge of Fireball by Vehumet.
  9098 | D        | Reached skill level 15 in Spellcasting
  9423 | D        | Offered knowledge of Iron Shot by Vehumet.
 10212 | D        | Offered knowledge of Lehudib's Crystal Spear by Vehumet.
 10212 | D        | Offered knowledge of Shatter by Vehumet.
 10212 | D        | Offered knowledge of Ignition by Vehumet.
 10535 | D        | Learned a level 8 spell: Lehudib's Crystal Spear
 10680 | D        | Noticed Urug
 10708 | D        | Killed Urug
 10832 | D        | Noticed a dire elephant
 10835 | D        | Noticed a dire elephant
 10865 | D        | Noticed an azure jelly
 10865 | D        | Noticed an azure jelly
 10889 | D        | Noticed Gastronok
 10901 | D        | Killed a dire elephant
 10902 | D        | Reached skill level 17 in Earth Magic
 10912 | D        | Killed Gastronok
 11005 | D        | Killed a dire elephant
 11735 | D        | Noticed a five-headed hydra
 11735 | D        | Noticed an eight-headed hydra
 11747 | D        | Killed a five-headed hydra
 11748 | D        | Killed an eight-headed hydra
 12289 | D        | Learned a level 1 spell: Apportation
 12302 | D        | Learned a level 9 spell: Shatter
 12320 | D        | Noticed a kraken
 13345 | D        | Found a blossoming altar of Fedhas.
 13357 | D        | Reached XP level 13. HP: 55/55 MP: 18/34
 14453 | D        | Reached skill level 18 in Earth Magic
 15362 | D        | Noticed a deep elf blademaster
 15366 | D        | Killed a deep elf blademaster
 15367 | D        | Reached skill level 15 in Conjurations
 15779 | D        | Identified the +10 hand axe "Marrof" {vorpal, rN+}
 15792 | D        | Identified the ring of Viojod {rPois rC- rCorr Dex+2}
 15800 | D        | Noticed a fire dragon
 15802 | D        | Killed a fire dragon
 15803 | D        | Reached skill level 1 in Fighting
 17069 | D        | Reached skill level 1 in Staves
 18298 | D        | Noticed Chuck
 18866 | D        | Learned a level 2 spell: Poisonous Vapours
 19513 | D        | Identified the +3 scimitar of Toocorph {vorpal, *Corrode
                  | rN+ Dex+5 Stlth+}
 19703 | D        | Noticed an iron golem
 19704 | D        | Reached skill level 1 in Translocations
 19775 | D        | Killed an iron golem
 20236 | D        | Reached skill level 5 in Fighting
 20236 | D        | Reached skill level 10 in Fire Magic
 20239 | D        | Reached skill level 19 in Earth Magic
 20279 | D        | Reached skill level 5 in Translocations
 20327 | D        | Noticed a deep elf blademaster
 20394 | D        | Slain by a deep elf blademaster

Illustrated notes

Levels and vault maps discovered:
D:        dungeon_sprint_mu [sprint_mu_entry_forest, sprint_mu_temple_rooms,
          sprint_mu_d1_spiders, sprint_mu_d2_genie, sprint_mu_d3_branching,
          sprint_mu_orc_legion, sprint_mu_elf_gauntlet, sprint_mu_hive_nellie,
          sprint_mu_lair_fedhas, sprint_mu_vaults_butterflies,
          sprint_mu_slime_circle, sprint_mu_shoals_kraken,
          sprint_mu_snake_twists, sprint_mu_blade_basic,
          sprint_mu_crypt_fortress, sprint_mu_tomb_spiral,
          sprint_mu_vestibule_basic, sprint_mu_gehenna_hellfire,
          sprint_mu_dis_giant, sprint_mu_tartarus_statrot,
          sprint_mu_cocytus_islands, sprint_mu_zot1]

Skill      XL: |  1  2  3  4  5  6  7  8  9 10 11 12 13 |
---------------+----------------------------------------+-----
Dodging        | 4 5 6 7 9 10 11 12 14 16 17 18 | 18.8
Earth Magic    | 4 5 6 8 9 10 11 12 14 16 17 19 | 19.0
Spellcasting   | 3 4 5 7 8 9 10 11 13 14 16 17 | 17.6
Transmutations | 3 4 5 7 |  7.0
Conjurations   | 2 3 5 6 7 8 9 11 13 14 15 | 15.7
Fire Magic     | 2 5 7 8 10 | 10.0
Fighting       | 5 |  5.3
Staves         | 1 |  1.5
Translocations | 5 |  5.0
Stealth        | |  3.0

Action                   |  1- 3 |  4- 6 |  7- 9 | 10-12 | 13-15 || total
-------------------------+-------+-------+-------+-------+-------++-------
Melee: Quarterstaff      |       |       |       |     2 |       ||     2
       Staff             |       |       |       |       |    34 ||    34
 Cast: Sandblast         |    35 |     8 |    12 |    12 |       ||    67
       Passwall          |     1 |       |       |     1 |       ||     2
       Stone Arrow       |       |     4 |    30 |   211 |    37 ||   282
       Conjure Flame     |       |       |     6 |     3 |     1 ||    10
       Iskenderun's Batt |       |       |       |    30 |     4 ||    34
       Petrify           |       |       |       |     2 |     1 ||     3
       Starburst         |       |       |       |    22 |     4 ||    26
       Apportation       |       |       |       |     2 |     8 ||    10
       Lehudib's Crystal |       |       |       |     1 |    40 ||    41
       Poisonous Vapours |       |       |       |       |     9 ||     9
  Use: Potion            |     1 |       |     1 |     4 |     3 ||     9
       Scroll            |       |       |       |     2 |     3 ||     5
Armor: Robe              |       |       |       |     5 |       ||     5
Dodge: Dodged            |     7 |     3 |     3 |   133 |    17 ||   163
